 Dungeon Crawl Stone Soup version 0.22.1-1-ga44c0e56f4 (webtiles) character file.

585 JOKERXD40 the Ducker (level 7, -2/41 HPs)
             Began as an Octopode Wizard on Nov 12, 2018.
             Slain by a mummy (15 damage)
             ... in an ossuary.
             The game lasted 00:26:15 (4903 turns).

JOKERXD40 the Ducker (Octopode Wizard)              Turns: 4903, Time: 00:26:16

Health: -2/41      AC:  2    Str:  7    XL:     7   Next: 37%
Magic:  1/13       EV: 15    Int: 25    God:
Gold:   123        SH:  0    Dex: 11    Spells: 6/14 levels left

rFire    . . .     SeeInvis .   a - +1 spear (pierce)
rCold    . . .     Gourm    .   (no shield)
rNeg     . . .     Faith    .   s - +1 hat
rPois    .         Spirit   .   m - amulet of regeneration
rElec    .         Reflect  .   k - +4 ring of intelligence
rCorr    .         Harm     .   n - ring of protection from magic
MR       +....                  (no ring)
Stlth    +++.......             (no ring)
HPRegen  0.53/turn              (no ring)
MPRegen  0.13/turn              (no ring)
                                (no ring)
                                (no ring)

@: no status effects
A: almost no armour, stealthy swim, amphibious, 8 rings, constrict 8, camouflage
1, gelatinous body 1
a: no special abilities


You were in an ossuary.
You were very hungry.

You visited 1 branch of the dungeon, and saw 4 of its levels.
You also visited: Ossuary.

You collected 123 gold pieces.

Inventory:

Hand Weapons
 a - a +1 spear of piercing (weapon)
 b - a +0 dagger
Armour
 s - a +1 hat (worn)
Jewellery
 k - a +4 ring of intelligence (left tentacle)
 m - an amulet of regeneration (around mantle)
 n - a ring of protection from magic (right tentacle)
Scrolls
 e - a scroll of magic mapping {unknown}
 h - 4 scrolls of identify
 i - 3 scrolls of enchant armour
 j - a scroll of immolation {unknown}
 o - a scroll of enchant weapon {unknown}
 r - 2 scrolls of fog {unknown}
Potions
 d - 3 potions of cancellation {unknown}
 f - a potion of flight {unknown}
 g - a potion of might {unknown}
 l - 2 potions of curing {unknown}
 p - a potion of degeneration {unknown}
 q - a potion of heal wounds {unknown}
 t - a potion of lignification {unknown}
 u - a potion of brilliance {unknown}
 v - a potion of berserk rage {unknown}
Comestibles
 c - 2 rations


   Skills:
 + Level 4.5 Dodging
 - Level 3.0 Stealth
 - Level 4.0 Spellcasting
 + Level 3.7 Conjurations
 - Level 2.0 Summonings
 - Level 2.0 Translocations
 - Level 2.1 Air Magic
 - Level 2.1 Poison Magic


You had 6 spell levels left.
You knew the following spells:

 Your Spells              Type           Power        Failure   Level  Hunger
a - Magic Dart            Conj           ###.         1%          1    None
b - Blink                 Tloc           N/A          6%          2    None
c - Call Imp              Summ           ###.....     6%          2    None
d - Mephitic Cloud        Conj/Pois/Air  ###.....     9%          3    ##.....

Your spell library contained the following spells:

 Spells                   Type           Power        Failure   Level  Hunger
 Confusing Touch          Hex            #.....       9%          1    None
 Gell's Gravitas          Tloc           ###.......   12%         3    ##.....
 Conjure Flame            Conj/Fire      ##......     13%         3    ##.....
 Slow                     Hex            #.......     14%         2    None
 Confuse                  Hex            #.......     26%         3    ##.....
 Petrify                  Tmut/Erth      #.......     65%         4    ####...
 Metabolic Englaciation   Hex/Ice        #.........   94%         5    #####..
 Yara's Violent Unravell  Hex/Tmut       #.........   94%         5    #####..


Dungeon Overview and Level Annotations

Branches:
Dungeon (4/15)
 Temple: D:4-7

Altars:
Okawaru


Innate Abilities, Weirdness & Mutations

You cannot wear most types of armour.
You are very stealthy in the water. (Stealth+)
You are amphibious.
You can wear up to eight rings at the same time.
You can use your tentacles to constrict eight enemies at once.
Your skin changes colour to match your surroundings (Stealth+).
Your rubbery body absorbs attacks. (AC +1, EV +1)


Message History

You reach to attack!
You hit the mummy.
The mummy is heavily damaged.
Your crimson imp blinks!
A mummy comes into view.
Your crimson imp blinks!
Evoke which item? (* to show all) (? for menu, Esc to quit)
Attack whom?
Press: ? - help, Dir - move target cursor, f/p - mummy
Aim: a mummy (heavily damaged)
You reach to attack!
You hit the mummy but do no damage.
The mummy is heavily damaged.
You hit the mummy but do no damage. You grab the mummy.
The mummy is heavily damaged.
You constrict the mummy.
Your crimson imp blinks!
You hit the mummy but do no damage.
The mummy is heavily damaged.
You constrict the mummy, but do no damage.
The mummy hits you!
You die...

##.. #..M. ###
..... ##..## ..
.....##....##..
................
#........5.....
#.............
#..@.....#
##.M....##
##ยง...## #....#
#..5.# #....#
#....# #....#
#....#


You could see 2 mummies and 2 friendly crimson imps.

Vanquished Creatures
  Eustachio (D:3)
  An elf skeleton (D:4)
  A crimson imp (D:4)
  A human zombie (D:4)
  An orc priest (D:4)
  2 human skeletons (D:4)
  A big kobold zombie (Ossuary)
  2 mummies (Ossuary)
  6 gnolls (D:3)
  An adder (D:3)
  3 oozes
  An adder zombie (D:2)
  A worm (D:2)
  3 dart slugs (D:1)
  3 leopard geckos
  7 orcs
  11 bats
  5 giant cockroaches
  6 hobgoblins
  3 jackals
  9 kobolds
  A quokka (D:3)
  A ball python (D:1)
  5 frilled lizards
  5 goblins
  A hobgoblin zombie (Ossuary)
  An orc skeleton (D:4)
  2 orc zombies
  7 rats
92 creatures vanquished.

Vanquished Creatures (collateral kills)
  A hound (D:3)
  Ijyb (D:3)
  A mummy (Ossuary)
  2 adders (D:2)
  6 gnolls (D:3)
  An ooze (D:2)
  A worm (D:2)
  A bat (D:2)
  A giant cockroach (D:1)
  A gnoll zombie (Ossuary)
  A jackal (D:2)
  2 hobgoblin zombies (Ossuary)
  2 orc zombies (Ossuary)
  A rat (D:2)
22 creatures vanquished.

Grand Total: 114 creatures vanquished

Notes
Turn   | Place    | Note
-------+----------+-------------------------------------------
     0 | D:1      | JOKERXD40 the Octopode Wizard began the quest for the Orb.
     0 | D:1      | Reached XP level 1. HP: 11/11 MP: 4/4
     7 | D:1      | Noticed a polar bear
     7 | D:1      | Noticed a hound
     7 | D:1      | Noticed a komodo dragon
     9 | D:1      | Noticed a seven-headed hydra
   168 | D:1      | Reached XP level 2. HP: 17/17 MP: 1/6
   837 | D:1      | Reached XP level 3. HP: 21/21 MP: 0/8
   841 | D:1      | Learned a level 2 spell: Blink
   844 | D:1      | Learned a level 2 spell: Call Imp
  2217 | D:2      | Reached XP level 4. HP: 27/27 MP: 2/9
  3351 | D:3      | Reached XP level 5. HP: 17/31 MP: 4/11
  4298 | D:3      | Reached XP level 6. HP: 36/36 MP: 6/12
  4391 | D:4      | Noticed Eustachio
  4475 | D:3      | Killed Eustachio
  4480 | D:3      | Learned a level 3 spell: Mephitic Cloud
  4521 | D:4      | Noticed Ijyb
  4648 | D:4      | Reached skill level 1 in Air Magic
  4648 | D:4      | Reached skill level 1 in Poison Magic
  4675 | D:3      | Killed Ijyb
  4694 | D:4      | Found an iron altar of Okawaru.
  4764 | D:4      | Reached XP level 7. HP: 39/41 MP: 10/13
  4810 | D:4      | Found a sand-covered staircase.
  4842 | Ossuary  | Entered an ossuary
  4903 | Ossuary  | Slain by a mummy

Skill      XL: |  1  2  3  4  5  6  7 |
---------------+----------------------+-----
Conjurations   | 2 3 |  3.7
Spellcasting   | 4 |  4.0
Dodging        | 3 4 |  4.5
Translocations | 2 |  2.0
Stealth        | 3 |  3.0
Summonings     | 2 |  2.0
Air Magic      | 1 2 |  2.1
Poison Magic   | 1 2 |  2.1

Action                   |  1- 3 |  4- 6 |  7- 9 || total
-------------------------+-------+-------+-------++-------
Melee: Unarmed           |    27 |       |       ||    27
       Constrict         |     6 |     8 |     9 ||    23
       Tentacles         |     4 |     7 |     9 ||    20
       Dagger            |    14 |    20 |       ||    34
       Club              |     1 |       |       ||     1
       Spear             |       |    30 |    43 ||    73
 Cast: Magic Dart        |    97 |   116 |     9 ||   222
       Call Imp          |     6 |    28 |     4 ||    38
       Blink             |     1 |     4 |     1 ||     6
  Use: Scroll            |       |     5 |       ||     5
 Stab: Sleeping          |       |       |     1 ||     1
  Eat: Chunk             |     1 |     7 |       ||     8
       Ration            |     1 |       |       ||     1
Armor: Skin              |     5 |     8 |       ||    13
Dodge: Dodged            |    45 |    67 |    22 ||   134
